 Dungeon Crawl Stone Soup version 0.16.0-8-gd9ae3a8 (console) character file.

119 gw the Ducker (level 5, -4/38 HPs)
             Began as a Merfolk Necromancer on Mar 17, 2015.
             Killed by nerve-wracking pain
             ... invoked by Grinder
              (11 damage)
             ... while paralysed by Grinder
             ... on level 3 of the Dungeon.
             The game lasted 00:04:56 (4961 turns).

gw the Ducker (Merfolk Necromancer)                 Turns: 4961, Time: 00:04:56

Health: -4/38      AC:  5    Str:  8    XL:     5   Next: 3%
Magic:  8/11       EV:  2    Int: 16    God:
Gold:   221        SH:  0    Dex: 14    Spells: 4 memorised, 2 levels left

rFire  . . .     SeeInvis .     b - +0 short sword
rCold  . . .     Clarity  .     d - +0 leather armour
rNeg   . . .     SustAb   .     (no shield)
rPois  .         Gourm    .     q - +0 helmet
rElec  .         Spirit   .     m - +0 cloak
rCorr  .         Warding  .     (no gloves)
rMut   .         Stasis   .     (no boots)
MR     .....                    (no amulet)
Stlth  ++........               (no ring)
                                (no ring)

@: paralysed, not resistant to hostile enchantments, unstealthy
A: change form in water, swift swim
a: no special abilities


You were on level 3 of the Dungeon.
You were not hungry.

You visited 1 branch of the dungeon, and saw 3 of its levels.

You collected 221 gold pieces.

Inventory:

Hand weapons
 b - a +0 short sword (weapon)
Missiles
 e - 119 stones (quivered)
 o - 30 poisoned needles
Armour
 d - a +0 leather armour (worn)
 m - a +0 cloak (worn)
 q - a +0 helmet (worn)
Scrolls
 g - 2 scrolls of remove curse {unknown}
 l - 4 scrolls of identify
Potions
 a - a potion of lignification
 i - 2 potions of resistance
 k - a potion of cure mutation
 r - a potion of magic {unknown}
Books
 h - a book of Necromancy

   Spells                             Type                      Level
   a - Pain                           Necromancy                   1
   b - Animate Skeleton               Necromancy                   1
   c - Vampiric Draining              Necromancy                   3
   d - Regeneration                   Charms/Necromancy            3
   e - Animate Dead                   Necromancy                   4
   f - Control Undead                 Necromancy                   4
Comestibles
 c - 2 bread rations
 j - 2 slices of pizza
 p - 2 beef jerkies


   Skills:
 + Level 1.9 Fighting
 + Level 3.8 Dodging
 - Level 2.1 Stealth
 * Level 3.2 Spellcasting
 + Level 3.6 Necromancy


You had 2 spell levels left.
You knew the following spells:

 Your Spells              Type           Power        Failure   Level  Hunger
a - Pain                  Necr           ##..         8%          1    None
b - Animate Skeleton      Necr           N/A          8%          1    None
c - Vampiric Draining     Necr           ##........   17%         3    ###....
d - Regeneration          Chrm/Necr      #.........   38%         3    ###....


Dungeon Overview and Level Annotations

Branches:
Dungeon (3/15)

Altars:
Kikubaaqudgha
Xom

Annotations:
D:3 Grinder; axaxaxas' ghost, average DgAr


Message History

MOVING TO (5,1) Unknown command.
Unknown command.
Unknown command.
MOVING TO (4,1) Unknown command.
Unknown command.
Unknown command.
MOVING TO (3,1) Grinder gestures at you.
Pain shoots through your body!
Unknown command.
Unknown command.
Unknown command.
MOVING TO (2,1) Grinder gestures at you.
You suddenly lose the ability to move!
Grinder gestures at you. Pain shoots through your body!
You die...

.#.#####.# . ...# #.# .# .#.#
#.# .# ##.# #.# .# ##.#####.#
.# ......##.# ####.# .##
.####..#.# #....##...# ##
##...#####.#.....#.##
#####.%...h5..m........
#...#.####.#..#.####### #....#
#.#..#.# ###..####.#..#.#####
._8# ##)#......>......#####
..####.......#..#.........#
..##....#.####..#####.#........
~_#...#.#.# #..## #.#.#.####
#8#####.#.# #...####.#.#.#


You could see Grinder and a jackal.

Table legend:
 A = Turns spent in this place as a percentage of turns spent in the entire game.
 B = Non-inter-level travel turns spent in this place as a percentage of non-inter-level travel turns spent in the entire game.
 C = Inter-level travel turns spent in this place as a percentage of turns spent in this place.
 D = Turns resting spent in this place as a percentage of non-inter-level travel turns spent in this place.
 E = Turns spent auto-exploring this place as a percentage of non-inter-level travel turns spent in this place.
 F = Non-inter-level travel turns spent in this place divided by the number of levels of this place that you've seen.
                   A       B       C       D       E      F
               +-------+-------+-------+-------+-------+----------------------
         Total | 100.0 | 100.0 |   0.7 |   4.4 |   2.2 | 2251.7
       Dungeon | 100.0 | 100.0 |   0.7 |   4.4 |   2.2 | 2251.7
               +-------+-------+-------+-------+-------+----------------------

Table legend:
 A = Kills in this place as a percentage of kills in entire the game.
 B = Kills by you in this place as a percentage of kills by you in the entire game.
 C = Kills by friends in this place as a percentage of kills by friends in the entire game.
 D = Other kills in this place as a percentage of other kills in the entire game.
 E = Experience gained in this place as a percentage of experience gained in the entire game.
 F = Experience gained in this place divided by the number of levels of this place that you have seen.
                   A       B       C       D       E      F
               +-------+-------+-------+-------+-------+----------------------
         Total | 100.0 | 100.0 | 100.0 |  -nan | 100.0 |  56.7
       Dungeon | 100.0 | 100.0 | 100.0 |  -nan | 100.0 |  56.7
               +-------+-------+-------+-------+-------+----------------------

Vanquished Creatures
  Robin (D:2)
  An adder (D:3)
  A giant gecko (D:2)
  5 orcs (D:3)
  12 bats
  3 giant cockroaches
  11 goblins
  11 hobgoblins
  5 jackals
  5 kobolds
  A ball python (D:1)
  4 giant newts
  2 quokkas
  A quokka zombie (D:3)
  2 rats
65 creatures vanquished.

Vanquished Creatures (collateral kills)
  An adder (D:2)
  A worm (D:3)
  2 oozes
  A giant cockroach (D:2)
  7 goblins (D:2)
  A hobgoblin (D:1)
  A jackal (D:2)
  2 kobolds (D:2)
16 creatures vanquished.

Vanquished Creatures (others)
  A bat skeleton (D:3)
  A giant gecko skeleton (D:2)
  5 goblin skeletons (D:2)
  2 hobgoblin skeletons (D:2)
  A jackal skeleton (D:2)
  A kobold skeleton (D:2)
  4 orc skeletons (D:3)
  A quokka skeleton (D:3)
  A rat skeleton (D:2)
17 creatures vanquished.

Grand Total: 98 creatures vanquished

Notes
Turn   | Place    | Note
--------------------------------------------------------------
     0 | D:1      | gw, the Merfolk Necromancer, began the quest for the Orb.
     0 | D:1      | Reached XP level 1. HP: 13/13 MP: 3/3
     2 | D:1      | Learned a level 1 spell: Animate Skeleton
   604 | D:1      | Reached XP level 2. HP: 20/20 MP: 2/4
  1190 | D:1      | Reached skill level 1 in Fighting
  1551 | D:2      | Reached XP level 3. HP: 24/26 MP: 3/6
  1592 | D:2      | Learned a level 3 spell: Vampiric Draining
  2844 | D:2      | Noticed Robin
  3153 | D:2      | Reached XP level 4. HP: 24/32 MP: 0/8
  3178 | D:2      | Killed Robin
  3528 | D:2      | Learned a level 3 spell: Regeneration
  4368 | D:3      | Noticed Grinder
  4792 | D:3      | Reached XP level 5. HP: 28/38 MP: 0/11
  4818 | D:3      | Noticed axaxaxas' ghost (average DgAr)
  4916 | D:3      | Found an ancient bone altar of Kikubaaqudgha.
  4916 | D:3      | Found a shimmering altar of Xom.
  4960 | D:3      | Paralysed by Grinder for 2 turns
  4961 | D:3      | Killed from afar by Grinder

Action                   |  1- 3 |  4- 6 || total
-------------------------+-------+-------++-------
Melee: Short sword       |    18 |    18 ||    36
Throw: Stone             |    18 |    23 ||    41
 Cast: Pain              |    87 |    68 ||   155
       Animate Skeleton  |    19 |    11 ||    30
  Use: Potion            |     5 |     2 ||     7
       Scroll            |     3 |     4 ||     7
  Eat: Chunk             |     8 |     6 ||    14

Vault maps used:
D:1:      onia_arrival_mini_spirals
D:2:      kennysheep_goblin_castle
D:3:      gammafunk_temple_overflow_claw, first_bread, uniq_grinder
